 Dungeon Crawl Stone Soup version 0.28-a0-706-gf6f64a616a (webtiles) character file.

Game seed: 11314533475658732803

133 lawman0 the Vexing (level 4, 39/39 (40) HPs)
             Began as a Troll Arcane Marksman on Oct 24, 2021.
             Was an Initiate of Ashenzari.
             Quit the game on level 3 of the Dungeon.
             The game lasted 00:02:05 (1556 turns).

lawman0 the Vexing (Troll Arcane Marksman)          Turns: 1556, Time: 00:02:05

HP:   39/39 (40)    AC:  4    Str: 18    XL:     4   Next: 93%
MP:   4/4           EV: 10    Int: 10    God:    Ashenzari [......]
Gold: 116           SH:  0    Dex: 10    Spells: 3/5 levels left

rFire   . . .      SeeInvis .     - Unarmed
rCold   . . .      Faith    .   (no shield)
rNeg    . . .      Spirit   .   a - +0 robe
rPois   .          Reflect  .   (helmet restricted)
rElec   .          Harm     .   (no cloak)
rCorr   .          Rampage  .   (gloves unavailable)
Will    .....                   (boots unavailable)
Stlth   +.........              (no amulet)
HPRegen 1.13/turn               (no ring)
MPRegen 0.09/turn               (no ring)

@: lightly drained
A: large, unfitting armour, claws 3, regeneration 1, shaggy fur 1, tough skin 1
a: Renounce Religion


You were on level 3 of the Dungeon.
You worshipped Ashenzari.
Ashenzari was noncommittal.
You visited 1 branch of the dungeon, and saw 3 of its levels.

You collected 116 gold pieces.

Inventory:

Missiles
 b - 6 large rocks (quivered)
 c - 2 throwing nets
Armour
 a - a +0 robe (worn)
Jewellery
 d - a ring of flight
Scrolls
 i - a scroll of blinking
 k - a scroll of teleportation
 l - a scroll of amnesia
 m - 2 scrolls of identify
 p - a scroll of fear
Potions
 e - 3 potions of curing
 f - a potion of mutation
 g - a potion of flight
 h - 2 potions of ambrosia
 j - a potion of experience
 n - a potion of magic
 o - a potion of cancellation


   Skills:
 + Level 0.8 Fighting
 * Level 2.5 Throwing
 + Level 2.0 Dodging
 + Level 0.1 Stealth
 * Level 2.6 Unarmed Combat
 + Level 1.0 Spellcasting
 * Level 2.6 Hexes


You had 3 spell levels left.
You knew the following spells:

 Your Spells              Type           Power      Damage    Failure   Level
a - Slow                  Hex            5%         N/A       17%         2

Your spell library contained the following spells:

 Spells                   Type           Power      Damage    Failure   Level
 Inner Flame              Hex/Fire       3%         N/A       52%         3
 Portal Projectile        Hex/Tloc       6%         N/A       52%         3
 Cause Fear               Hex            2%         N/A       75%         4


Dungeon Overview and Level Annotations

Branches:
Dungeon (3/15)

Altars:
Ashenzari


Innate Abilities, Weirdness & Mutations

You are too large for most types of armour.
You have claws for hands.
Your natural rate of healing is unusually fast.
You are covered in fur. (AC +1)
You have tough skin. (AC +1)


Message History

A spectral hobgoblin comes into view.
Found a faded altar of an unknown god.
The spectral hobgoblin barely misses you.
You scratch the spectral hobgoblin but do no damage.
The spectral hobgoblin barely misses you.
You scratch the spectral hobgoblin but do no damage.
The spectral hobgoblin hits you.
You feel drained.
You scratch the spectral hobgoblin but do no damage.
The spectral hobgoblin hits you but does no damage.
You scratch the spectral hobgoblin.
The spectral hobgoblin is almost destroyed.
The spectral hobgoblin closely misses you.
You scratch the spectral hobgoblin.
You destroy the spectral hobgoblin!
You enter the shallow water.
Moving in this stuff is going to be slow.
No target in view!
Unknown command.
No target in view!
No target in view!
Unknown command.
There is a faded altar of an unknown god here.
You cannot tell which god this altar belongs to.
Convert to them anyway? [Y]es or [N]o only, please.
You cannot tell which god this altar belongs to.
Convert to them anyway?
Ashenzari accepts your prayer! Ashenzari welcomes you!
e - 3 potions of curing;
f - a potion of mutation;
g - a potion of flight
h - 2 potions of ambrosia;
j - a potion of experience
k - a scroll of teleportation;
l - a scroll of amnesia
m - 2 scrolls of identify;
n - a potion of magic;
o - a potion of cancellation
p - a scroll of fear Ashenzari warns you of distant threats and treasures.
Ashenzari reveals the structure of the dungeon to you.
Ashenzari shows you where magical portals lie.
Ashenzari prevents you from stumbling into unseen traps.
Ashenzari identifies your possessions.
Okay, then.
Okay, then.
Are you sure you want to abandon this character and quit the game? (Confirm with "yes".)
Okay, then.
Unknown command.
Press < or > to pray at altars.
Are you sure you want to abandon this character and quit the game? (Confirm with "yes".)

.... #.#.# ######... #..
###### ##....#..# #..
≈.≈.≈ ≈....#.<# #.. ##
≈≈≈ ###≈..#..# #..
#8.##≈####.8#..#..###..
#≈≈≈≈≈@≈≈≈.≈≈≈.........
#≈≈≈.≈..≈≈###≈.........
...#≈≈≈≈.≈≈#.≈..........
##.≈≈.≈≈..≈#≈......####.
#≈#≈.≈≈≈≈##≈........ #.
#..##+++##.)........##.
#.≈ .≈...#......##. #.
....##......##. # ###
#......###


There were no monsters in sight!

Vanquished Creatures
  Jessica (D:2)
  2 adders (D:3)
  A gnoll (D:1)
  3 worms (D:2)
  4 dart slugs
  5 endoplasms
  2 giant cockroaches
  3 goblins
  5 hobgoblins
  2 quokkas (D:1)
  14 ball pythons
  5 bats
  4 frilled lizards
  6 kobolds
  9 rats
  A spectral hobgoblin (D:3)
67 creatures vanquished.

Vanquished Creatures (others)
  A plant (D:1)
1 creature vanquished.

Grand Total: 68 creatures vanquished

Notes
Turn   | Place    | Note
-------+----------+-------------------------------------------
     0 | D:1      | lawman0 the Troll Arcane Marksman began the quest for the
                  | Orb.
     0 | D:1      | Reached XP level 1. HP: 18/18 MP: 1/1
   108 | D:1      | Reached skill level 1 in Unarmed Combat
   109 | D:1      | Reached XP level 2. HP: 26/26 MP: 2/2
   121 | D:1      | Learned a level 2 spell: Slow
   334 | D:1      | Reached XP level 3. HP: 32/32 MP: 3/3
   946 | D:2      | Reached XP level 4. HP: 37/40 MP: 4/4
  1107 | D:2      | Noticed Jessica
  1114 | D:2      | Killed Jessica
  1541 | D:3      | Found a faded altar of an unknown god.
  1555 | D:3      | Prayed at the altar of an unknown god.
  1555 | D:3      | Became a worshipper of Ashenzari the Shackled
  1556 | D:3      | Quit the game

Illustrated notes

Levels and vault maps discovered:
D:1:      beargit_arrival_greenhouse, layout_rooms, serial_bayou_lagoon_a
D:2:      minmay_recursive_quarters, layout_loops_ring, uniq_jessica
D:3:      minmay_angry_zag, layout_rooms, nicolae_overflow_hidden_temple,
          dreamdust_ecumenical_altar_drowned_temple, minmay_shallow_snake_nest

Skill      XL: |  1  2  3  4 |
---------------+-------------+-----
Unarmed Combat | 1 2 |  2.6
Throwing       | 2 |  2.5
Dodging        | 2 |  2.0
Fighting       | |  0.8
Stealth        | |  0.1
Spellcasting   | |  1.0
Hexes          | |  2.6

Action                   |  1- 3 |  4- 6 || total
-------------------------+-------+-------++-------
Melee: Unarmed           |   138 |    66 ||   204
Throw: Large rock        |     1 |     1 ||     2
  Use: Scroll            |     1 |       ||     1
 Stab: Sleeping          |     1 |     1 ||     2
Armor: Robe              |    41 |    26 ||    67
Dodge: Dodged            |    70 |    44 ||   114

Table legend: (Time is in decaauts)
 A = Elapsed time spent in this place.
 B = Non-inter-level travel time spent in this place.
 C = Inter-level travel time spent in this place.
 D = Time resting spent in this place.
 E = Time spent auto-exploring this place.
 F = Levels seen in this place.
 G = Mean time per level.
                   A        B        C        D        E       F      G
               +--------+--------+--------+--------+--------+-----+--------+
         Total |   1558 |   1483 |     75 |      0 |   1068 |   3 |  519.3 |
       Dungeon |   1558 |   1483 |     75 |      0 |   1068 |   3 |  519.3 |
               +--------+--------+--------+--------+--------+-----+--------+

Top non-repeatable levels by time:
     D:2: 808 daAuts
     D:1: 549 daAuts
     D:3: 200 daAuts
